 Dungeon Crawl Stone Soup version 0.31-a0-220-gc2f4f3cf83 (webtiles) character file.

Game seed: 17831958941963988726

241 qw the Chopper (level 6, -2/38 HPs)
             Began as a Gargoyle Fighter on July 3, 2023.
             Engulfed by a steam dragon's steam (15 damage)
             ... on level 4 of the Dungeon.
             The game lasted 00:01:34 (3242 turns).

qw the Chopper (Gargoyle Fighter)                   Turns: 3242, Time: 00:01:35

Health: -2/38      AC: 15    Str: 21    XL:     6   Next: 8%
Magic:  6/6        EV:  5    Int: 12    God:
Gold:   102        SH:  4    Dex: 12    Spells: 5/5 levels left

rFire   . . .        f - +3 war axe "Udifoize" {drain, Int+3 Dex+3}
rCold   . . .        c - +0 buckler
rNeg    + . .        l - +0 plate armour
rPois   inf          (no helmet)
rElec   +            (no cloak)
rCorr   .            (no gloves)
SInv    .            (no boots)
Will    +....        (no amulet) Stlth
                     g - ring of willpower
HPRegen 0.26/turn    (no ring)
MPRegen 0.10/turn

%: no passive effects
@: no status effects
A: sickness immunity, AC +4, negative energy resistance 1, electricity
resistance, torment resistance 1, petrification resistance
a: no special abilities


You were on level 4 of the Dungeon.
You visited 1 branch of the dungeon, and saw 4 of its levels.

You collected 102 gold pieces.


Innate Abilities, Weirdness & Mutations

You are immune to sickness and miasma.
Your stone body is resilient. (AC +4)
You are immune to poison.
You resist negative energy. (rN+)
You are resistant to electric shocks. (rElec)
You are resistant to unholy torment.
You are immune to petrification.


   Skills:
 - Level 4.0 Fighting
 + Level 5.3 Axes
 - Level 3.2 Armour
 - Level 3.2 Shields


You had 5 spell levels left.
You didn't know any spells.
Your spell library was empty.

Inventory:

Hand Weapons
 f - the +3 war axe "Udifoize" (weapon) {drain, Int+3 Dex+3}
   (You found it on level 3 of the Dungeon)

   Int:       It affects your intelligence (+3).
   Dex:       It affects your dexterity (+3).
 i - a +0 flail
 j - a +0 war axe
Armour
 c - a +0 buckler (worn)
 l - a +0 plate armour (worn)
Jewellery
 g - a ring of willpower (left hand)
Scrolls
 k - a scroll of identify
 m - a scroll of enchant weapon {unknown}
Potions
 a - a potion of haste
 b - a potion of mutation
 d - 3 potions of might
 e - a potion of ambrosia {unknown}
 h - a potion of curing

Dungeon Overview and Level Annotations

Branches:
Dungeon (4/15)
 Temple: D:4-7

Altars:
Xom
The Shining One

Annotations:
D:3 2 runed translucent doors, qw's ghost, amateur GrHs


Message History

You barely miss the giant cockroach. The giant cockroach barely misses you.
You block the giant cockroach's attack.
You closely miss the giant cockroach. The giant cockroach barely misses you.
You barely miss the giant cockroach.
The giant cockroach bites you but does no damage.
You slash the giant cockroach!
You kill the giant cockroach!
You now have 93 gold pieces (gained 18).
You now have 102 gold pieces (gained 9).
A steam dragon comes into view.
The steam dragon hisses angrily.
Enter note:
Enter note:
Enter note: You block the steam dragon's attack.
The steam dragon completely misses you.
Enter note: You barely miss the steam dragon.
The steam dragon bites you but does no damage.
The steam dragon claws you but does no damage.
You hit the steam dragon.
The steam dragon is moderately wounded.
The steam dragon bites you.
The steam dragon claws you but does no damage.
The steam dragon breathes steam at you. The ball of steam hits you!
You hear an angry hiss.
You closely miss the steam dragon.
The steam dragon is moderately wounded.
You are engulfed in a cloud of scalding steam.
The steam dragon bites you. The steam dragon claws you.
You slash the steam dragon!
The steam dragon is severely wounded.
You are engulfed in a cloud of scalding steam.
The steam dragon bites you but does no damage.
The steam dragon claws you but does no damage.
You hit the steam dragon.
The steam dragon is severely wounded.
You are engulfed in a cloud of scalding steam.
You die...

~.........)~.....#
~..........~~..#.#
.................#
................#
..####........##
##.......##
#......~ยค#
#.....~}.#
#......~@#
........D#
.........#
.........#
...~~....#
..~.....#
........#
........#


You could see a steam dragon (catching breath).

Vanquished Creatures
  A crimson imp (D:3)
  A hound (D:4)
  An iguana (D:3)
  5 adders
  3 worms
  2 dart slugs
  4 orcs (D:3)
  10 ball pythons
  7 endoplasms
  3 giant cockroaches
  5 goblins
  4 hobgoblins
  5 jackals (D:3)
  7 kobolds
  2 quokkas (D:2)
  10 bats
  A frilled lizard (D:2)
  A goblin skeleton (D:3)
  A goblin zombie (D:3)
  2 hobgoblin zombies (D:3)
  3 kobold zombies (D:3)
  An orc skeleton (D:3)
  4 orc zombies (D:3)
  9 rats
92 creatures vanquished.

Notes
Turn   | Place    | Note
-------+----------+-------------------------------------------
     0 | D:1      | qw the Gargoyle Fighter began the quest for the Orb.
     0 | D:1      | Reached XP level 1. HP: 14/14 MP: 1/1
     0 | D:1      | 0 ||| qw: Version: 0.3-a-40-ge99b1a8
     0 | D:1      | 0 ||| qw: Game counter: 457
     0 | D:1      | 0 ||| qw: Melee chars always use a shield: true
     0 | D:1      | 0 ||| qw: God list: Okawaru
     0 | D:1      | 0 ||| qw: Allow faded altars: false
     0 | D:1      | 0 ||| qw: Do Orc after clearing Dungeon:15 true
     0 | D:1      | 0 ||| qw: Do second Lair branch before Depths: true
     0 | D:1      | 0 ||| qw: Lair rune preference: random
     0 | D:1      | 0 ||| qw: Goals: Normal, Zot:1-4, Slime:5, God:TSO, Crypt,
                  | Tomb, Abyss, Pan, Hells, Win
     0 | D:1      | 0 ||| PLANNING D:1-11
    36 | D:1      | Reached skill level 2 in Axes
    67 | D:1      | 67 ||| Stepping ~*~*~tactically~*~*~ (stealth).
    74 | D:1      | Reached XP level 2. HP: 19/19 MP: 2/2
   149 | D:1      | 149 ||| DROPPING +0 club.
   472 | D:1      | Found a faded altar of an unknown god.
   758 | D:1      | Reached skill level 3 in Axes
   977 | D:1      | Reached XP level 3. HP: 23/23 MP: 3/3
  1217 | D:1      | 1217 ||| UPGRADING to +0 plate armour.
  1227 | D:1      | 1227 ||| DROPPING +0 scale mail.
  1228 | D:1      | 1228 ||| READING scroll labelled MYECAA NOALU.
  1229 | D:1      | 1229 ||| READING 2 scrolls labelled WUPEBRUPLI.
  1326 | D:2      | 1326 ||| Stepping ~*~*~tactically~*~*~ (stealth).
  1328 | D:2      | 1328 ||| Stepping ~*~*~tactically~*~*~ (stealth).
  1354 | D:2      | 1354 ||| Stepping ~*~*~tactically~*~*~ (stealth).
  1357 | D:2      | 1357 ||| Stepping ~*~*~tactically~*~*~ (hiding).
  1377 | D:2      | 1377 ||| Stepping ~*~*~tactically~*~*~ (hiding).
  1378 | D:2      | 1378 ||| Stepping ~*~*~tactically~*~*~ (hiding).
  1379 | D:2      | 1379 ||| Stepping ~*~*~tactically~*~*~ (hiding).
  1380 | D:2      | 1380 ||| Stepping ~*~*~tactically~*~*~ (stealth).
  1444 | D:2      | Reached XP level 4. HP: 27/28 MP: 4/4
  1452 | D:2      | 1452 ||| Stepping ~*~*~tactically~*~*~ (stealth).
  1453 | D:2      | 1453 ||| Stepping ~*~*~tactically~*~*~ (stealth).
  1454 | D:2      | 1454 ||| Stepping ~*~*~tactically~*~*~ (stealth).
  1459 | D:2      | Reached skill level 4 in Axes
  1544 | D:2      | 1544 ||| Stepping ~*~*~tactically~*~*~ (hiding).
  1545 | D:2      | 1545 ||| Stepping ~*~*~tactically~*~*~ (hiding).
  1821 | D:2      | 1821 ||| UPGRADING to ring of willpower.
  1822 | D:2      | 1822 ||| READING scroll labelled BEZETI KAHUYR.
  1823 | D:2      | 1823 ||| DRINKING 2 black potions.
  1824 | D:2      | 1824 ||| DRINKING 2 amethyst potions.
  1825 | D:2      | 1825 ||| DRINKING 2 lumpy coppery potions.
  1930 | D:2      | 1930 ||| DRINKING 2 clear potions.
  1931 | D:2      | 1931 ||| DROPPING potion of berserk rage.
  1932 | D:2      | 1932 ||| DROPPING potion of invisibility.
  1968 | D:3      | Reached XP level 5. HP: 13/32 MP: 5/5
  2351 | D:3      | 2351 ||| DROPPING +0 whip.
  2545 | D:3      | Identified the +3 war axe "Udifoize" {drain, Int+3 Dex+3}
  2547 | D:3      | 2547 ||| SWAPPING to +3 war axe "Udifoize" {drain, Int+3
                  | Dex+3}.
  2575 | D:3      | Found a glowing golden altar of the Shining One.
  2577 | D:3      | 2577 ||| Stepping ~*~*~tactically~*~*~ (stealth).
  2581 | D:3      | 2581 ||| Stepping ~*~*~tactically~*~*~ (stealth).
  2582 | D:3      | 2582 ||| Stepping ~*~*~tactically~*~*~ (stealth).
  2596 | D:3      | Reached skill level 5 in Axes
  2753 | D:3      | Found a shimmering altar of Xom.
  2870 | D:3      | Noticed qw's ghost (amateur GrHs)
  2871 | D:3      | Found a large runed translucent door.
  2871 | D:3      | Found a large runed translucent door.
  3084 | D:3      | 3084 ||| READING scroll labelled WOGRAB TEUZEIV.
  3087 | D:3      | 3087 ||| READING scroll labelled DUUGHE KITREHEIG.
  3088 | D:3      | 3088 ||| READING 2 scrolls of identify.
  3088 | D:3      | 3088 ||| IDENTIFYING viscous white potion
  3120 | D:4      | 3120 ||| Stepping ~*~*~tactically~*~*~ (stealth).
  3121 | D:4      | 3121 ||| Stepping ~*~*~tactically~*~*~ (stealth).
  3157 | D:4      | Reached XP level 6. HP: 38/38 MP: 6/6
  3234 | D:4      | Noticed a steam dragon
  3242 | D:4      | Engulfed by a steam dragon's steam

Levels and vault maps discovered:
D:1:      dpeg_arrival_rooms_a, layout_basic, chequers_ecumenical_altar_simple,
          serial_forest, infiniplex_forest_lined_corner,
          infiniplex_forest_lined_2, infiniplex_forest_end_1,
          infiniplex_forest_pool, infiniplex_forest_lined_ring,
          infiniplex_forest_lined_room_, infiniplex_forest_end_3,
          infiniplex_forest_lined_2
D:2:      layout_rooms, hex_large
D:3:      minmay_chambers_of_threes, layout_loops_corners,
          nicolae_tso_besieged_by_evil, lemuel_doored_altar,
          ebering_ghost_disaster_area, skrybe_limestone_x
D:4:      layout_basic, kennysheep_decorative_pillar

Skill      XL: |  1  2  3  4  5  6 |
---------------+-------------------+-----
Axes           | 2 3 4 5 |  5.3
Fighting       | 4 |  4.0
Armour         | |  3.2
Shields        | |  3.2

Action                     |  1- 3 |  4- 6 || total
---------------------------+-------+-------++-------
  Melee: War axe           |   110 |   145 ||   255
    Use: Scroll            |     2 |     4 ||     6
         Potion            |       |     4 ||     4
 Armour: Scale mail        |    32 |       ||    32
         Plate armour      |    46 |    77 ||   123
  Dodge: Dodged            |    41 |    37 ||    78
  Block: Buckler           |    22 |    26 ||    48

Table legend:
 A = Non-vault XP
 B = Vault XP
 C = Vault XP percentage of total XP
 D = Non-vault monster count
 E = Vault monster count
 F = Vault count percentage of total count
                 A         B        C        D         E       F
            +---------+---------+-------+---------+---------+-------
      Total |     263 |      82 |  23.8 |      67 |      25 |  27.2
            +---------+---------+-------+---------+---------+-------
        D:1 |      34 |       0 |   0.0 |      21 |       0 |   0.0
        D:2 |      96 |       0 |   0.0 |      25 |       0 |   0.0
        D:3 |      61 |      82 |  57.3 |      13 |      25 |  65.8
        D:4 |      72 |       0 |   0.0 |       8 |       0 |   0.0
            +---------+---------+-------+---------+---------+-------
